 Dungeon Crawl Stone Soup version 0.27.1 (webtiles) character file.

Game seed: 3472897427151732025

158 Renzlar the Shield-Bearer (level 5, -3/47 HPs)
             Began as a Gnoll Fighter on Aug 28, 2021.
             Killed by nerve-wracking pain
             ... invoked by an orc priest
              (12 damage)
             ... on level 3 of the Dungeon.
             The game lasted 00:06:32 (1496 turns).

Renzlar the Shield-Bearer (Gnoll Fighter)           Turns: 1496, Time: 00:06:32

Health: -3/47      AC:  7    Str: 16    XL:     5   Next: 40%
Magic:  7/7        EV:  8    Int:  7    God:
Gold:   153        SH: 16    Dex: 12    Spells: 6/6 levels left

rFire    . . .     SeeInvis .   a - +0 war axe
rCold    . . .     Faith    .   l - +1 kite shield
rNeg     . . .     Spirit   .   b - +0 scale mail
rPois    .         Reflect  +   (no helmet)
rElec    .         Harm     .   (no cloak)
rCorr    .         Rampage  .   (no gloves)
Will     .....                  (no boots)
Stlth    ..........             j - amulet of reflection
HPRegen  0.15/turn              (no ring)
MPRegen  0.10/turn              (no ring)

@: no status effects
A: fangs 1, strong nose, distributed training
a: no special abilities


You were on level 3 of the Dungeon.
You visited 1 branch of the dungeon, and saw 3 of its levels.

You collected 153 gold pieces.

Inventory:

Hand Weapons
 a - a +0 war axe (weapon)
 c - a +0 hunting sling
Missiles
 g - 23 sling bullets
 i - 24 stones (quivered)
Armour
 b - a +0 scale mail (worn)
 l - a +1 kite shield (worn)
Magical Staves
 h - a staff of conjuration
Jewellery
 j - an amulet of reflection (around neck)
 n - a ring of positive energy
Potions
 d - a potion of might
 e - a potion of berserk rage
 k - 2 potions of curing


   Skills:
 + Level 6.7 Fighting
 + Level 1.4 Short Blades
 + Level 1.4 Long Blades
 + Level 4.8 Axes
 + Level 1.4 Maces & Flails
 + Level 1.4 Polearms
 + Level 1.4 Staves
 + Level 1.4 Slings
 + Level 1.4 Bows
 + Level 1.4 Crossbows
 + Level 1.4 Throwing
 + Level 6.7 Armour
 + Level 1.4 Dodging
 + Level 1.4 Stealth
 + Level 6.7 Shields
 + Level 1.4 Unarmed Combat
 + Level 1.4 Spellcasting
 + Level 1.1 Conjurations
 + Level 1.1 Hexes
 + Level 1.1 Summonings
 + Level 1.1 Necromancy
 + Level 1.1 Translocations
 + Level 1.1 Transmutations
 + Level 1.1 Fire Magic
 + Level 1.1 Ice Magic
 + Level 1.1 Air Magic
 + Level 1.1 Earth Magic
 + Level 1.1 Poison Magic
 + Level 1.6 Invocations
 + Level 1.4 Evocations


You had 6 spell levels left.
You didn't know any spells.
Your spell library contained the following spells:

 Spells                   Type           Power      Damage    Failure   Level
 Apportation              Tloc           4%         N/A       93%         1
 Alistair's Intoxication  Tmut/Pois      1%         N/A       100%        5
 Invisibility             Hex            1%         N/A       100%        6


Dungeon Overview and Level Annotations

Branches:
Dungeon (3/15)

Altars:

Shops:
D:3 =


Innate Abilities, Weirdness & Mutations

You have very sharp teeth.
Your uncanny sense of smell can sniff out nearby items.
Your experience applies equally to all skills.


Message History

Pain shoots through your body!
Unknown command.
You bump into the rock wall.
Something hits you.
* * * LOW HITPOINT WARNING * * *
The orc priest closely misses you.
Unknown command.
You hear some strange, mumbled words.
Something tries to affect you, but you resist.
You miss the orc priest.
The orc priest hits you but does no damage.
You hear some strange, mumbled words.
A magic dart appears from out of thin air!
The magic dart hits you.
* * * LOW HITPOINT WARNING * * *
Unknown command.
You bump into the rock wall.
You feel less confused. You block the orc priest's attack. Something hits you.
* * * LOW HITPOINT WARNING * * *
Unknown command.
You slash the orc priest!
The orc priest is severely wounded.
You hit something.
Reactivating autopickup.
You feel a bit more experienced.
The orc priest calls down the wrath of Beogh upon you.
You barely resist. The orc priest barely misses you.
You hit the orc priest but do no damage.
The orc priest is severely wounded.
You block the orc priest's attack.
Your shield and scale mail prevent you from hitting the orc priest.
The orc priest is severely wounded.
The orc priest hits you with a +0 whip.
* * * LOW HITPOINT WARNING * * *
Unknown command.
You hit the orc priest but do no damage.
The orc priest is severely wounded.
The orc priest invokes the aid of Beogh against you.
Pain shoots through your body!
You die...

#.# #####.##.#
#.#######.##.#
#.........##.#
############.# #####.#####
#.........# ♣♣♣♣♣♣♣
##.###.###.# ♣......
#.......##.# ##### ♣......
#..#....##@####...##♣..####
# #.#....)o..).∩..#♣..#
#....##.####....#♣..#
.........#.# ##...'...#
#..........# ###.#♣..#
##.###..#### #.#♣..# #.
#..# ###.#♣..#### # ...#
##...#♣...... #+##
#..###♣......


You could see an orc priest.

Vanquished Creatures
  A jelly (D:3)
  A bullfrog skeleton (D:3)
  An orc wizard (D:3)
  2 adders (D:2)
  2 worms (D:2)
  2 orcs (D:3)
  A bat (D:2)
  3 endoplasms
  4 giant cockroaches
  4 goblins
  9 hobgoblins
  3 quokkas
  6 ball pythons
  A frilled lizard (D:3)
  7 rats
47 creatures vanquished.

Vanquished Creatures (others)
  2 fungi (D:1)
  3 plants (D:1)
5 creatures vanquished.

Grand Total: 52 creatures vanquished

Notes
Turn   | Place    | Note
-------+----------+-------------------------------------------
     0 | D:1      | Renzlar the Gnoll Fighter began the quest for the Orb.
     0 | D:1      | Reached XP level 1. HP: 23/23 MP: 1/1
    82 | D:1      | Reached XP level 2. HP: 29/29 MP: 2/2
   221 | D:1      | Found a faded altar of an unknown god.
   544 | D:1      | Reached XP level 3. HP: 35/35 MP: 3/3
   726 | D:2      | Reached skill level 1 in Invocations
  1049 | D:2      | Reached skill level 1 in Short Blades
  1049 | D:2      | Reached skill level 1 in Long Blades
  1049 | D:2      | Reached skill level 1 in Maces & Flails
  1049 | D:2      | Reached skill level 1 in Polearms
  1049 | D:2      | Reached skill level 1 in Staves
  1049 | D:2      | Reached skill level 1 in Slings
  1049 | D:2      | Reached skill level 1 in Bows
  1049 | D:2      | Reached skill level 1 in Crossbows
  1049 | D:2      | Reached skill level 1 in Throwing
  1049 | D:2      | Reached skill level 1 in Dodging
  1049 | D:2      | Reached skill level 1 in Stealth
  1049 | D:2      | Reached skill level 1 in Unarmed Combat
  1049 | D:2      | Reached skill level 1 in Spellcasting
  1049 | D:2      | Reached skill level 1 in Evocations
  1049 | D:2      | Reached XP level 4. HP: 41/41 MP: 5/5
  1227 | D:3      | Reached skill level 1 in Conjurations
  1227 | D:3      | Reached skill level 1 in Hexes
  1227 | D:3      | Reached skill level 1 in Summonings
  1227 | D:3      | Reached skill level 1 in Necromancy
  1227 | D:3      | Reached skill level 1 in Translocations
  1227 | D:3      | Reached skill level 1 in Transmutations
  1227 | D:3      | Reached skill level 1 in Fire Magic
  1227 | D:3      | Reached skill level 1 in Ice Magic
  1227 | D:3      | Reached skill level 1 in Air Magic
  1227 | D:3      | Reached skill level 1 in Earth Magic
  1227 | D:3      | Reached skill level 1 in Poison Magic
  1349 | D:3      | Reached XP level 5. HP: 44/47 MP: 5/7
  1372 | D:3      | Found Xeqaczi's Jewellery Boutique.
  1496 | D:3      | Killed from afar by an orc priest

Illustrated notes

Levels and vault maps discovered:
D:1:      dpeg_arrival_shrine, layout_rooms, shapermc_ecumenical_altar_petra,
          minmay_misc_feat_pillars, wad_floor_pattern_untrapped, minivault_4
D:2:      layout_rooms
D:3:      layout_loops_corners, serial_shops, shop, shop_coins, shop,
          kennysheep_path_1, solitary_fountain

Skill      XL: |  1  2  3  4 |
---------------+-------------+-----
Invocations    | 1 |  1.6
Short Blades   | 1 |  1.4
Long Blades    | 1 |  1.4
Maces & Flails | 1 |  1.4
Polearms       | 1 |  1.4
Staves         | 1 |  1.4
Slings         | 1 |  1.4
Bows           | 1 |  1.4
Crossbows      | 1 |  1.4
Throwing       | 1 |  1.4
Dodging        | 1 |  1.4
Stealth        | 1 |  1.4
Unarmed Combat | 1 |  1.4
Spellcasting   | 1 |  1.4
Evocations     | 1 |  1.4
Conjurations   | 1 |  1.1
Hexes          | 1 |  1.1
Summonings     | 1 |  1.1
Necromancy     | 1 |  1.1
Translocations | 1 |  1.1
Transmutations | 1 |  1.1
Fire Magic     | 1 |  1.1
Ice Magic      | 1 |  1.1
Air Magic      | 1 |  1.1
Earth Magic    | 1 |  1.1
Poison Magic   | 1 |  1.1
Fighting       | |  6.7
Axes           | |  4.8
Armour         | |  6.7
Shields        | |  6.7

Action                   |  1- 3 |  4- 6 || total
-------------------------+-------+-------++-------
Melee: War axe           |    84 |    35 ||   119
       Bite              |     6 |     1 ||     7
       Staff             |     4 |       ||     4
 Fire: Hunting sling     |       |     8 ||     8
  Use: Scroll            |     5 |     2 ||     7
Armor: Scale mail        |    26 |    19 ||    45
Dodge: Dodged            |    25 |     3 ||    28
Block: Kite shield       |    66 |    21 ||    87
       Reflection        |       |     1 ||     1
